 Dungeon Crawl Stone Soup version 0.24.1-11-gbbbb2193e6 (webtiles) character file.

Game seed: 18378285572219387957, levelgen mode: deterministic

188 Hugehornet the Changer (level 5, -3/33 HPs)
             Began as an Octopode Transmuter on May 11, 2020.
             Slain by an orc wizard
             ... wielding a +0 dagger
              (6 damage)
             ... on level 3 of the Dungeon.
             The game lasted 00:04:50 (3262 turns).

Hugehornet the Changer (Octopode Transmuter)        Turns: 3262, Time: 00:04:50

Health: -3/33      AC:  1    Str:  9    XL:     5   Next: 67%
Magic:  1/9        EV: 13    Int: 16    God:
Gold:   214        SH:  2    Dex: 13    Spells: 4/10 levels left

rFire    . . .     SeeInvis .     - Unarmed
rCold    . . .     Gourm    .   (no shield)
rNeg     + . .     Faith    .   (helmet restricted)
rPois    .         Spirit   .   l - +2 amulet of reflection
rElec    .         Reflect  +   f - ring of positive energy
rCorr    .         Harm     .   (no ring)
MR       .....                  (no ring)
Stlth    ++........             (no ring)
HPRegen  0.11/turn              (no ring)
MPRegen  0.11/turn              (no ring)
                                (no ring)
                                (no ring)

@: lethally poisoned (-3 -> -8)
A: almost no armour, stealthy swim, amphibious, 8 rings, constrict 8, camouflage
1, gelatinous body 1
a: no special abilities


You were on level 3 of the Dungeon.
You were not hungry.

You visited 1 branch of the dungeon, and saw 3 of its levels.

You collected 214 gold pieces.

Inventory:

Missiles
 a - 24 arrows
Jewellery
 f - a ring of positive energy (left tentacle)
 l - a +2 amulet of reflection (around mantle)
Wands
 k - a wand of flame (17)
Scrolls
 b - 2 scrolls of remove curse {unknown}
 d - 3 scrolls of teleportation {unknown}
 e - a scroll of amnesia {unknown}
 i - a scroll of enchant weapon {unknown}
 j - a scroll of enchant armour {unknown}
 n - a scroll of noise {unknown}
Potions
 h - a potion of agility {unknown}
 m - a potion of curing {unknown}
Comestibles
 c - 5 rations


   Skills:
 - Level 1.0 Fighting
 - Level 2.0 Dodging
 + Level 3.6 Unarmed Combat
 + Level 3.0 Spellcasting
 * Level 3.7 Transmutations
 - Level 3.0 Poison Magic


You had 4 spell levels left.
You knew the following spells:

 Your Spells              Type           Power        Failure   Level  Hunger
a - Beastly Appendage     Tmut           ##....       4%          1    #......
b - Sticks to Snakes      Tmut           ##......     6%          2    ##.....
c - Spider Form           Tmut/Pois      ##........   14%         3    ###....

Your spell library contained the following spells:

 Spells                   Type           Power        Failure   Level  Hunger
 Ice Form                 Ice/Tmut       #.......     65%         4    #####..
 Blade Hands              Tmut           ##........   75%         5    ######.


Dungeon Overview and Level Annotations

Branches:
Dungeon (3/15)

Altars:


Innate Abilities, Weirdness & Mutations

You cannot wear most types of armour.
You are very stealthy in the water. (Stealth+)
You are amphibious.
You can wear up to eight rings at the same time.
You can use your tentacles to constrict eight enemies at once.
Your skin changes colour to match your surroundings (Stealth+).
Your rubbery body absorbs attacks. (AC +1, EV +1)


Message History

Attack!
Something hits you.
Your ball python barely misses the adder.
Your ball python constricts the adder.
The adder barely misses you.
Your ball python bites the adder but does no damage.
Something hits you.
* * * LOW HITPOINT WARNING * * *
The orc barely misses you. The adder bites you.
* * * LOW HITPOINT WARNING * * *
You are lethally poisoned!
The adder poisons you!
Your ball python bites the adder.
Your ball python constricts the adder.
It was a potion of cancellation.
Your magical effects are unravelling.
You feel magically purged.
Your tentacle spike disappears.
* * * LOW HITPOINT WARNING * * *
You feel sick.
Your ball python barely misses the adder.
Something hits you.
You die...

#............
#....................
#####'#..>...........
#......###...........
#......###..[....<#..
#...................
#............o...####
#...(.......S)o......
#....$.....SS@#####
######.....?...!..#
+.......####.#
#.......# ###).#+##
#..# ####


You could see an adder, 2 orcs and 2 friendly ball pythons.

Vanquished Creatures
  2 orc priests (D:3)
  3 adders
  4 oozes
  An adder zombie (D:1)
  2 worms
  3 dart slugs
  4 leopard geckos
  5 orcs (D:3)
  A ball python (D:2)
  2 giant cockroaches (D:1)
  7 goblins
  11 hobgoblins
  6 bats
  A frilled lizard (D:1)
  A giant cockroach zombie (D:1)
  6 kobolds
  7 rats
66 creatures vanquished.

Vanquished Creatures (collateral kills)
  2 orcs (D:3)
2 creatures vanquished.

Grand Total: 68 creatures vanquished

Notes
Turn   | Place    | Note
-------+----------+-------------------------------------------
     0 | D:1      | Hugehornet the Octopode Transmuter began the quest for the
                  | Orb.
     0 | D:1      | Reached XP level 1. HP: 13/13 MP: 3/3
   192 | D:1      | Reached XP level 2. HP: 18/18 MP: 3/5
   196 | D:1      | Learned a level 2 spell: Sticks to Snakes
   461 | D:1      | Reached XP level 3. HP: 7/23 MP: 4/6
   466 | D:1      | Learned a level 3 spell: Spider Form
   979 | D:1      | Reached skill level 1 in Poison Magic
  1371 | D:2      | Reached XP level 4. HP: 18/28 MP: 5/7
  2549 | D:3      | HP: 1/28 [orc/+0 flail (11)]
  2885 | D:3      | Reached XP level 5. HP: 25/33 MP: 9/9
  3262 | D:3      | Slain by an orc wizard

Levels and vault maps discovered:
D:1:      saegor_arrival_fortress, layout_rooms, minmay_misc_feat_square,
          minmay_cupped
D:2:      layout_basic
D:3:      layout_basic

Skill      XL: |  1  2  3  4  5 |
---------------+----------------+-----
Transmutations | 3 |  3.7
Poison Magic   | 1 2 3 |  3.0
Spellcasting   | 3 |  3.0
Fighting       | |  1.0
Dodging        | |  2.0
Unarmed Combat | |  3.6

Action                   |  1- 3 |  4- 6 || total
-------------------------+-------+-------++-------
Melee: Unarmed           |    67 |    78 ||   145
       Constrict         |    19 |    22 ||    41
       Kick              |    17 |    19 ||    36
       Tentacles         |    10 |    19 ||    29
       Punch             |     1 |     2 ||     3
 Cast: Beastly Appendage |    17 |    25 ||    42
       Sticks to Snakes  |       |     7 ||     7
  Use: Potion            |       |     1 ||     1
 Stab: Sleeping          |     4 |     6 ||    10
       Distracted        |       |     1 ||     1
  Eat: Chunk             |     2 |     3 ||     5
       Ration            |       |     1 ||     1
Armor: Skin              |     9 |     9 ||    18
Dodge: Dodged            |    36 |    48 ||    84
Block: Other             |       |     2 ||     2
